 Dungeon Crawl Stone Soup version 0.20.1-1-g8b1a95d (webtiles) character file.

102242 Timinator the Brawler (level 15, -4/152 (153) HPs)
             Began as a Troll Monk on Nov 1, 2017.
             Was the Champion of Ru.
             Slain by a hornet (9 damage)
             ... while paralysed by a hornet
             ... on level 3 of the Swamp.
             The game lasted 00:48:55 (29492 turns).

Timinator the Brawler (Troll Monk)                 Turns: 29492, Time: 00:48:55

HP:   -4/152 (153)  AC:  5    Str: 23    XL:     15   Next: 85%
MP:   5/13          EV:  1    Int:  7    God:    Ru [******]
Gold: 1775          SH:  0    Dex: 16    Spells: 14/14 levels left

rFire    + . .     SeeInvis .     - Unarmed
rCold    + . .     Gourm    +   T - +0 shield
rNeg     . . .     Faith    .   I - +2 troll leather armour {Snorg}
rPois    .         Spirit   .   (helmet restricted)
rElec    .         Reflect  .   g - scarf {rC+ rF+}
rCorr    .         Harm     .   (gloves unavailable)
MR       .....                  (boots unavailable)
Stlth    +.........             (no amulet)
Regen    1.2/turn               C - +3 ring of evasion
MPRegen  0.2/turn               Q - +4 ring of evasion

@: paralysed, lethally poisoned (-4 -> -5), exhausted, slowed, heavily drained
A: unfitting armour, claws 3, horns 1, fast metabolism 3, gourmand, low mp 2,
regeneration 1, shaggy fur 2, tough skin 2, no hexes magic, no poison magic, no
summoning magic, reduced AC 1, magic vulnerability 1, unskilled 1
a: Draw Out Power, Power Leap, Apocalypse, Renounce Religion


You were on level 3 of the Swamp.
You worshipped Ru.
Ru was exalted by your worship.
You were very hungry.

You visited 5 branches of the dungeon, and saw 27 of its levels.
You visited 1 bazaar.
You also visited: Ossuary.

You collected 2678 gold pieces.
You spent 903 gold pieces at shops.

Inventory:

Armour
 g - a scarf of resistance (worn)
 o - a scarf of cloud immunity
 I - a +2 troll leather armour (worn) {Snorg}
 J - +0 steam dragon scales
 T - a +0 shield (worn)
Jewellery
 r - an uncursed ring of see invisible {unknown}
 s - an uncursed ring of ice {unknown}
 C - a +3 ring of evasion (left claw)
 L - an uncursed ring of protection from fire
 Q - a +4 ring of evasion (right claw)
 V - a cursed -3 ring of dexterity
 W - a cursed -2 ring of protection {unknown}
Wands
 j - a wand of confusion (27/48)
 t - a wand of confusion (26/48)
 y - a wand of flame (34/48)
 N - a wand of disintegration (9/24)
Scrolls
 a - 3 scrolls of magic mapping
 d - 19 scrolls of identify
 e - 4 scrolls of immolation
 f - 3 scrolls of fear
 h - a scroll of enchant weapon {unknown}
 i - 3 scrolls of amnesia
 k - 12 scrolls of teleportation
 n - 4 scrolls of fog
 q - 3 scrolls of recharging
 v - 9 scrolls of remove curse
 z - 3 scrolls of enchant armour
Potions
 c - 9 potions of curing
 w - 6 potions of magic
 x - 2 potions of might
 A - 5 potions of brilliance
 B - 7 potions of lignification
 D - a potion of haste
 F - a potion of cancellation
 H - 9 potions of heal wounds
 K - 2 potions of mutation
 O - a potion of resistance
 R - 2 potions of invisibility {unknown}
 S - a potion of flight
Books
 m - a book of Changes

   Spells                             Type                      Level
   a - Beastly Appendage              Transmutation                1
   b - Sticks to Snakes               Transmutation                2
   c - Spider Form                    Transmutation/Poison         3
   d - Ice Form                       Ice/Transmutation            4
   e - Blade Hands                    Transmutation                5
 u - a book of Cantrips

   Spells                             Type                      Level
   a - Confusing Touch                Hexes                        1
   b - Animate Skeleton               Necromancy                   1
   c - Summon Small Mammal            Summoning                    1
   d - Apportation                    Translocation                1
 X - a book of Transfigurations

   Spells                             Type                      Level
   a - Irradiate                      Conjuration/Transmutation    5
   b - Statue Form                    Transmutation/Earth          6
   c - Hydra Form                     Transmutation                6
   d - Dragon Form                    Transmutation                7
Miscellaneous
 M - a lightning rod (inert)
Comestibles
 b - 11 bread rations
 l - 13 fruits
 p - 7 meat rations
 G - 4 royal jellies


   Skills:
 + Level 11.1(8.8) Fighting
 + Level 4.1(2.2) Armour
 + Level 10.1(7.8) Dodging
 - Level 0.9(0.0) Stealth
 * Level 4.8(2.9) Shields
 * Level 17.2(14.6) Unarmed Combat
 + Level 3.8(1.9) Evocations


You had 14 spell levels left.
You didn't know any spells.

Dungeon Overview and Level Annotations

Branches:
Dungeon (15/15)            Temple (1/1) D:6            Lair (6/6) D:8
  Swamp (3/4) Lair:4       Spider (0/4) Lair:3        Slime (0/5) Lair:5
    Orc (2/2) D:10            Elf (0/3) Orc:2        Vaults (0/5) D:13
 Depths (0/5) D:15

Altars:
Ashenzari
Cheibriados
Dithmenos
Elyvilon
Fedhas
Gozag
Hepliaklqana
Kikubaaqudgha
Makhleb
Nemelex Xobeh
Okawaru
Qazlal
Ru
Sif Muna
Trog
Uskayaw
Vehumet
Xom
Yredelemnul
Zin
The Shining One

Shops:
D:10 (   Orc:1 =   Orc:2 =*[

Annotations:
Lair:1 exclusion: oklob plant


Innate Abilities, Weirdness & Mutations

You are too large for most types of armour.
You have claws for hands.
Your metabolism is lightning-fast.
You like to eat raw meat.
Your magical capacity is very low. (-20% MP)
Your natural rate of healing is unusually fast.
You are covered in thick fur. (AC +2)
You have very tough skin. (AC +2)
You cannot study or cast Hexes magic.
You cannot study or cast Poison magic.
You cannot study or cast Summoning magic.
You take slightly more damage. (AC -5)
You are slightly vulnerable to magic. (MR-)
You are somewhat unskilled. (-1 Apt)
You have a pair of small horns on your head.


Message History

* * * LOW HITPOINT WARNING * * *
You suddenly lose the ability to move!
The thorn hunter hits you!
* * * LOW HITPOINT WARNING * * *
The thorn hunter hits you.
* * * LOW HITPOINT WARNING * * *
The hornet stings you!
* * * LOW HITPOINT WARNING * * *
You are poisoned.
You feel yourself slow down.
You feel sick.
You redirect the bog body's attack!
The blink frog begins to attack, but is stunned by your will!
The thorn hunter begins to attack, but is stunned by your will!
The hornet stings you!
* * * LOW HITPOINT WARNING * * *
You feel as though you will be slow longer.
The bog body begins to cast a spell, but is stunned by your will!
A blink frog comes into view.
You feel sick. The hornet stings you!
You die...

≈≈.≈..≈≈...≈..
..≈.♣...≈.!≈.. #
..≈.§.≈...≈..#.#
≈≈≈≈≈.≈......?...
.≈....≈..........
......≈≈....#.....
♣..%.†..n..#.#..
..♣.≈.≈.@f.JF...♣♣♣..
.≈.≈≈...y......P♣....
≈...≈≈.....#.#.♣≈.....
..≈......≈.#.F.♣≈....#.
.≈.≈.≈≈.≈..#.#..≈≈≈≈...
♣.≈..≈≈.§≈.....≈≈≈≈...
♣♣♣........§..≈≈≈≈≈...
♣.≈≈..≈≈≈≈≈♣.≈≈≈.≈♣ ♣
♣...♣.♣...♣♣≈≈≈≈.♣♣♣♣♣♣♣


You could see a thorn hunter, a slime creature, a bog body, 2 blink frogs and a
hornet.

Vanquished Creatures
  Rupert (D:14)
  A thorn hunter (Swamp:1)
  Roxanne (Swamp:1)
  An orc warlord (Orc:2)
  2 stone giants
  2 entropy weavers (Lair:6)
  2 ettins (Orc:1)
  Snorg (D:12)
  A fire dragon (Lair:6)
  A yaktaur captain (D:15)
  7 hydras
  3 vault guards (D:13)
  3 centaur warriors
  A satyr (D:14)
  A queen ant (Lair:6)
  A death yak (Lair:6)
  6 two-headed ogres
  2 alligators (Swamp:2)
  A vampire mage (D:14)
  5 orc high priests
  2 deep elf knights (D:13)
  Urug (D:11)
  12 skeletal warriors
  A golden dragon zombie (D:15)
  An unseen horror (D:13)
  3 shambling mangroves
  2 lindwurms (Lair:6)
  7 orc knights
  A necromancer (D:15)
  A frost giant zombie (D:15)
  4 orc sorcerers
  A fire giant zombie (D:15)
  A stone giant zombie (D:15)
  2 deep elf magi
  An ugly thing (D:12)
  2 slime creatures (D:12)
  A cyclops (D:15)
  A centaur zombie (D:13)
  Maurice (D:12)
  3 black mambas
  2 molten gargoyles (Lair:6)
  12 elephants
  2 gargoyles
  10 spiny frogs
  2 yaktaurs (D:15)
  4 rime drakes
  7 komodo dragons
  A guardian mummy (D:15)
  5 trolls
  A tengu conjurer (D:13)
  11 hornets
  2 tyrant leeches
  5 bog bodies
  Grinder (D:3)
  8 hippogriffs
  6 dream sheep (Lair:6)
  A centaur simulacrum (D:15)
  5 spriggans
  3 shadows
  27 yaks
  5 wyverns
  5 basilisks
  4 wraiths
  3 hungry ghosts
  4 steam dragons
  12 vampire mosquitoes
  Edmund (D:4)
  5 insubstantial wisps (Swamp:2)
  6 soldier ants
  A warg (Orc:1)
  3 hell hounds (Lair:6)
  10 swamp worms
  A soldier ant (shapeshifter) (D:14)
  Duvessa (D:7)
  16 water moccasins
  11 porcupines
  44 orc warriors
  3 swamp drakes
  2 sky beasts
  3 necrophages
  An eye of draining (D:9)
  3 phantoms
  A tengu (shapeshifter) (D:15)
  10 ogres
  3 centaurs
  5 wolves
  8 crocodiles
  15 bullfrogs
  A gnoll sergeant (D:7)
  3 water moccasin zombies (Ossuary)
  2 scorpions
  Dowan (D:7)
  5 howler monkeys
  9 wights
  An electric eel (Lair:2)
  4 crimson imps
  A quasit (D:10)
  5 lava snakes (Lair:6)
  A jelly (D:9)
  28 orc priests
  9 centaur skeletons
  3 bullfrog skeletons
  3 gnoll shamans
  5 hounds
  43 orc wizards
  13 worker ants
  8 iguanas
  A killer bee zombie (D:10)
  A big kobold zombie (Ossuary)
  A hound zombie (D:11)
  2 hound skeletons
  2 mummies (Ossuary)
  Robin (D:4)
  31 gnolls
  A worker ant zombie (D:7)
  6 adders
  A howler monkey skeleton (D:7)
  3 shadow imps
  2 oozes (D:2)
  6 adder zombies
  5 adder skeletons
  4 worms
  3 dart slugs
  2 leopard geckos
  143 orcs
  8 giant cockroaches
  9 hobgoblins
  17 jackals
  5 quokkas
  4 ball pythons
  13 bats
  6 frilled lizards
  3 gnoll zombies (Ossuary)
  14 goblins
  3 hobgoblin zombies (Ossuary)
  7 kobolds
  5 kobold zombies (Ossuary)
  3 orc zombies (Ossuary)
  A quokka zombie (D:8)
  13 rats
  21 briar patches
  A bush (Lair:6)
  2 fungi (Lair:6)
  8 plants
  A withered plant (D:15)
896 creatures vanquished.

Vanquished Creatures (collateral kills)
  An orc sorcerer (Orc:2)
  An orc warrior (Orc:2)
  An orc (Orc:2)
3 creatures vanquished.

Vanquished Creatures (others)
  A spiny frog (Lair:1)
  A komodo dragon (Lair:3)
  A troll (D:10)
  A porcupine (Lair:2)
  5 orcs
  A briar patch (Swamp:1)
  A bush (Lair:5)
  11 fungi
  11 plants
  A withered plant (D:15)
34 creatures vanquished.

Grand Total: 933 creatures vanquished

Notes
Turn   | Place    | Note
-------+----------+-------------------------------------------
     0 | D:1      | Timinator the Troll Monk began the quest for the Orb.
     0 | D:1      | Reached XP level 1. HP: 22/22 MP: 0/0
    77 | D:1      | Reached XP level 2. HP: 28/29 MP: 1/1
   442 | D:1      | Reached XP level 3. HP: 36/36 MP: 2/2
   603 | D:1      | Reached skill level 4 in Unarmed Combat
  1303 | D:2      | Found a shimmering altar of Xom.
  1464 | D:2      | Reached XP level 4. HP: 45/45 MP: 3/3
  1820 | D:3      | Reached skill level 5 in Unarmed Combat
  1820 | D:3      | Reached XP level 5. HP: 41/53 MP: 4/4
  1898 | D:3      | Noticed Grinder
  1903 | D:3      | Paralysed by Grinder for 4 turns
  1914 | D:3      | Killed Grinder
  1914 | D:3      | Reached skill level 6 in Unarmed Combat
  1914 | D:3      | Reached XP level 6. HP: 34/62 MP: 5/5
  2220 | D:3      | Found a bloodstained altar of Trog.
  2225 | D:3      | Found a radiant altar of Vehumet.
  2226 | D:3      | Found a white marble altar of Elyvilon.
  2227 | D:3      | Found a snail-covered altar of Cheibriados.
  2227 | D:3      | Found a basalt altar of Yredelemnul.
  2229 | D:3      | Found a sacrificial altar of Ru.
  2232 | D:3      | Found an iron altar of Okawaru.
  2236 | D:3      | Became a worshipper of Ru the Awakened
  2259 | D:3      | Gained mutation: You cannot study or cast Poison magic. [Ru sacrifice]
  2259 | D:3      | Gained mutation: You cannot study or cast Hexes magic. [Ru sacrifice]
  2259 | D:3      | Gained mutation: You cannot study or cast Summoning magic. [Ru sacrifice]
  2259 | D:3      | Reached * piety under Ru
  2599 | D:3      | Reached XP level 7. HP: 39/71 MP: 6/6
  2994 | D:4      | Noticed Robin
  3020 | D:4      | Killed Robin
  3020 | D:4      | Reached skill level 7 in Unarmed Combat
  3599 | D:4      | Noticed Edmund
  3639 | D:5      | Entered Level 5 of the Dungeon
  3641 | D:5      | Gained mutation: You have a somewhat thin skeletal structure. (Dex +2, Stealth) [potion of mutation]
  3641 | D:5      | Gained mutation: You have a beak for a mouth. [potion of mutation]
  3641 | D:5      | Gained mutation: You tend to lose your temper in combat. [potion of mutation]
  3641 | D:5      | Gained mutation: Your flesh is heat resistant. (rF+) [potion of mutation]
  3648 | D:4      | Killed Edmund
  3723 | D:4      | Gained mutation: You are slightly vulnerable to magic. (MR-) [Ru sacrifice]
  3723 | D:4      | Reached ** piety under Ru
  3754 | D:5      | Reached skill level 5 in Fighting
  3779 | D:5      | Reached skill level 8 in Unarmed Combat
  3920 | D:5      | Reached XP level 8. HP: 79/80 MP: 7/7
  4501 | D:6      | Reached skill level 9 in Unarmed Combat
  4726 | D:6      | Found a staircase to the Ecumenical Temple.
  4753 | Temple   | Entered the Ecumenical Temple
  5581 | D:6      | Reached skill level 10 in Unarmed Combat
  5585 | D:6      | Reached XP level 9. HP: 89/89 MP: 8/8
  5676 | D:6      | Gained mutation: You are somewhat unskilled. (-1 Apt) [Ru sacrifice]
  5676 | D:6      | Reduced skill Fighting to level 5
  5676 | D:6      | Reduced skill Unarmed Combat to level 9
  5676 | D:6      | Reached *** piety under Ru
  5676 | D:6      | Reached **** piety under Ru
  6408 | D:7      | Found a shimmering altar of Xom.
  6483 | D:7      | Noticed Dowan
  6483 | D:7      | Noticed Duvessa
  6487 | D:7      | Killed Dowan
  6492 | D:7      | Killed Duvessa
  6583 | D:7      | Reached skill level 10 in Unarmed Combat
  6854 | D:7      | Noticed a two-headed ogre
  6862 | D:7      | Killed a two-headed ogre
  7075 | D:7      | Found an opulent altar of Gozag.
  7480 | D:8      | Gained mutation: Your magical capacity is low. (-10% MP) [Ru sacrifice]
  7518 | D:8      | Reached XP level 10. HP: 79/100 MP: 8/8
  7889 | D:8      | Found a sand-covered staircase.
  7894 | Ossuary  | Entered an ossuary
  8088 | D:8      | Lost mutation: You have a beak for a mouth. [potion of mutation]
  8088 | D:8      | Lost mutation: You tend to lose your temper in combat. [potion of mutation]
  8088 | D:8      | Lost mutation: Your flesh is heat resistant. (rF+) [potion of mutation]
  8088 | D:8      | Lost mutation: You have a somewhat thin skeletal structure. (Dex +2, Stealth) [potion of mutation]
  8088 | D:8      | Gained mutation: You are covered in thick fur. (AC +2) [potion of mutation]
  8088 | D:8      | Gained mutation: You have a pair of small horns on your head. [potion of mutation]
  8265 | D:8      | Found a staircase to the Lair.
  8343 | D:8      | Noticed a two-headed ogre
  8355 | D:8      | Killed a two-headed ogre
  8355 | D:8      | Reached skill level 11 in Unarmed Combat
  9250 | D:9      | Gained mutation: You take slightly more damage. (AC -5) [Ru sacrifice]
  9250 | D:9      | Reached ***** piety under Ru
  9332 | D:9      | Noticed a two-headed ogre
  9338 | D:9      | Killed a two-headed ogre
  9646 | D:9      | Noticed a gargoyle
  9648 | D:9      | Reached skill level 5 in Dodging
  9655 | D:9      | Killed a gargoyle
  9655 | D:9      | Reached skill level 12 in Unarmed Combat
  9920 | D:10     | Entered Level 10 of the Dungeon
  9924 | D:10     | Found Zonno's Weapon Emporium.
  9961 | D:10     | Found an iron altar of Okawaru.
 10052 | D:10     | Reached XP level 11. HP: 95/109 MP: 8/8
 10162 | D:10     | Found a staircase to the Orcish Mines.
 10813 | D:10     | Found a hazy altar of Hepliaklqana.
 11177 | D:11     | Gained mutation: Your magical capacity is very low. (-20% MP) [Ru sacrifice]
 11177 | D:11     | Reached ****** piety under Ru
 11250 | D:11     | Found a shattered altar of Ashenzari.
 11350 | D:11     | Noticed Urug
 11368 | D:11     | Killed Urug
 11742 | Lair:1   | Entered Level 1 of the Lair of Beasts
 12027 | Lair:1   | Reached skill level 1 in Evocations
 12192 | Lair:1   | Noticed an oklob plant
 13558 | Lair:3   | Found a hole to the Spider Nest.
 13620 | Lair:3   | Reached skill level 13 in Unarmed Combat
 13736 | Lair:3   | Reached XP level 12. HP: 91/120 MP: 1/9
 14622 | Lair:4   | Found a staircase to the Swamp.
 14968 | Lair:4   | Noticed an eight-headed hydra
 15391 | Lair:5   | Identified the Grimoire of Earth and Hexes
 15659 | Lair:5   | Found a staircase to the Slime Pits.
 15992 | Lair:6   | Entered Level 6 of the Lair of Beasts
 16010 | Lair:6   | Reached skill level 14 in Unarmed Combat
 16159 | Lair:6   | Noticed a five-headed hydra
 16166 | Lair:6   | Killed a five-headed hydra
 16363 | Lair:6   | Noticed a four-headed hydra
 16379 | Lair:6   | Killed a nine-headed hydra
 16514 | Lair:6   | Reached XP level 13. HP: 131/131 MP: 1/10
 16748 | Lair:6   | Noticed an entropy weaver
 16758 | Lair:6   | Noticed an entropy weaver
 17205 | Lair:6   | Killed an entropy weaver
 17588 | Lair:6   | Reached skill level 15 in Unarmed Combat
 17890 | Lair:6   | Found a large runed door.
 17891 | Lair:6   | Found a large runed door.
 17903 | Lair:6   | Noticed a fire dragon
 17913 | Lair:6   | Killed a fire dragon
 18004 | Lair:6   | Killed an entropy weaver
 19127 | Orc:1    | Entered Level 1 of the Orcish Mines
 19127 | Orc:1    | Noticed a stone giant
 19134 | Orc:1    | Killed a stone giant
 19321 | Orc:1    | Found Vaifaosm's Jewellery Shop.
 19363 | Orc:1    | Reached skill level 10 in Fighting
 19399 | Orc:1    | Noticed an ettin
 19407 | Orc:1    | Killed an ettin
 19574 | Orc:1    | Noticed an ettin
 19580 | Orc:1    | Killed an ettin
 20047 | Orc:2    | Entered Level 2 of the Orcish Mines
 20047 | Orc:2    | Found a staircase to the Elven Halls.
 20047 | Orc:2    | Noticed a stone giant
 20076 | Orc:2    | Killed a stone giant
 20351 | Orc:2    | Reached XP level 14. HP: 114/143 MP: 11/11
 20401 | Orc:2    | Reached skill level 16 in Unarmed Combat
 21055 | Orc:2    | Noticed an orc warlord
 21065 | Orc:2    | Killed an orc warlord
 21363 | Orc:2    | Found Iddemp's Antique Armour Emporium.
 21364 | Orc:2    | Found Kuuruss's Antique Weapon Emporium.
 21365 | Orc:2    | Found Los Hufi's General Store.
 21365 | Orc:2    | Found Tacoe's Jewellery Shoppe.
 21369 | Orc:2    | Bought a potion of heal wounds for 70 gold pieces
 21369 | Orc:2    | Bought a scroll of enchant armour for 105 gold pieces
 21685 | D:12     | Noticed Maurice
 21693 | D:12     | Killed Maurice
 21931 | D:12     | Noticed Snorg
 21946 | D:12     | Killed Snorg
 21946 | D:12     | Reached skill level 1 in Armour
 22439 | D:13     | Found a flickering gateway to a bazaar.
 22446 | Bazaar   | Entered a bazaar
 22603 | Bazaar   | Found Ufustuxe's Assorted Antiques.
 22618 | Bazaar   | Found Daomar Gocu's Gadget Emporium.
 22618 | Bazaar   | Found Pabiom's Weapon Shoppe.
 22639 | Bazaar   | Found Tenum's Antique Armour Shoppe.
 22654 | Bazaar   | Found Igothreo's Magic Scroll Emporium.
 22658 | Bazaar   | Bought a scroll of teleportation for 36 gold pieces
 22658 | Bazaar   | Bought a scroll of enchant armour for 90 gold pieces
 22658 | Bazaar   | Bought a scroll of magic mapping for 42 gold pieces
 22721 | Bazaar   | Bought a lightning rod (4/4) for 560 gold pieces
 23772 | D:13     | Paralysed by an orc sorcerer for 4 turns
 24254 | D:13     | Reached skill level 1 in Shields
 24375 | D:13     | Found a gate to the Vaults.
 24841 | D:14     | Found a shadowy altar of Dithmenos.
 24865 | D:14     | Reached XP level 15. HP: 152/152 MP: 12/12
 25112 | D:14     | Noticed Rupert
 25113 | D:14     | Paralysed by Rupert for 2 turns
 25123 | D:14     | Killed Rupert
 25405 | D:15     | Entered Level 15 of the Dungeon
 25723 | D:15     | Found a staircase to the Depths.
 26424 | D:15     | Reached skill level 17 in Unarmed Combat
 27622 | Swamp:1  | Entered Level 1 of the Swamp
 27962 | Swamp:1  | Reached skill level 10 in Dodging
 28013 | Swamp:1  | Noticed a thorn hunter
 28025 | Swamp:1  | Killed a thorn hunter
 28190 | Swamp:1  | Noticed Roxanne
 28213 | Swamp:1  | Killed Roxanne
 29479 | Swamp:3  | Noticed a thorn hunter
 29490 | Swamp:3  | Paralysed by a hornet for 2 turns
 29491 | Swamp:3  | HP: 5/152 [hornet (14)]
 29492 | Swamp:3  | Slain by a hornet

Skill      XL: |  1  2  3  4  5  6  7  8  9 10 11 12 13 14 15 |
---------------+----------------------------------------------+-----
Unarmed Combat | 4 5 6 8 10 10 12 13 14 15 16 17 | 17.2
Fighting       | 3 4 5 6 6 7 8 9 10 11 | 11.1
Stealth        | 0 |  0.9
Dodging        | 3 5 6 7 8 9 10 | 10.1
Evocations     | 2 3 |  3.8
Armour         | 2 4 |  4.1
Shields        | 2 4 |  4.8

Action                   |  1- 3 |  4- 6 |  7- 9 | 10-12 | 13-15 || total
-------------------------+-------+-------+-------+-------+-------++-------
Melee: Unarmed           |   100 |   127 |   331 |   571 |  1194 ||  2323
       Punch             |     1 |     4 |    10 |    41 |    60 ||   116
       Peck              |       |       |    55 |    23 |       ||    78
       Headbutt          |       |       |       |   118 |   292 ||   410
Invok: Sacrifice Arcana  |       |     1 |       |       |       ||     1
       Sacrifice Essence |       |       |     2 |     1 |       ||     3
       Draw Out Power    |       |       |     1 |     3 |     5 ||     9
       Sacrifice Skill   |       |       |     1 |       |       ||     1
       Sacrifice Health  |       |       |       |     1 |       ||     1
       Apocalypse        |       |       |       |     4 |     8 ||    12
       Power Leap        |       |       |       |     1 |     1 ||     2
Evoke: Wand              |       |       |       |    16 |    10 ||    26
       Lightning rod     |       |       |       |       |    12 ||    12
  Use: Potion            |       |       |    13 |     6 |     4 ||    23
       Scroll            |       |       |       |    16 |     8 ||    24
 Stab: Sleeping          |     7 |     5 |    15 |     9 |     1 ||    37
       Invisible         |       |       |     1 |    11 |    15 ||    27
       Paralysed         |       |       |     2 |    16 |    18 ||    36
       Distracted        |       |       |       |     3 |    14 ||    17
       Petrifying        |       |       |       |       |     1 ||     1
       Petrified         |       |       |       |       |     1 ||     1
  Eat: Chunk             |     8 |    15 |    41 |    65 |    89 ||   218
       Fruit             |     2 |       |       |       |     4 ||     6
       Royal jelly       |       |       |     1 |     2 |     3 ||     6
       Bread ration      |       |       |       |     3 |     3 ||     6
       Meat ration       |       |       |       |     1 |       ||     1
Armor: Robe              |    30 |    40 |    73 |    20 |       ||   163
       Troll leather arm |       |       |       |    26 |    64 ||    90
       Skin              |       |       |       |       |    33 ||    33
Dodge: Dodged            |    55 |    65 |   139 |   343 |   726 ||  1328
Block: Shield            |       |       |       |       |   156 ||   156
